AoeStats
← Jarrymo

QS Arena

503136174Analyzed
4v4 RM · 2mo ago on Aug 30, 2026· 37m 22s· 8 players
Game mode
Random Map
Map size
Large (8 player)
Population
200
Speed
Normal
Resources
Standard
Victory
Conquest
Starting age
Dark Age
Ending age
Imperial Age
RankedLock teamsTeams togetherTeam positionsShared explorationLock speedFull tech treeHidden civsTurbo modeCheats
Victory
Defeat
🇬🇷 Huns · Greece
984
+15
🇨🇳 Vietnamese · China
953
+17
🇺🇸 Celts · United States
923
+18
🇵🇦 Jurchens · Panama
916
+18
vs
🇩🇪 Romans · Germany
1168
-25
🇫🇮 Portuguese · Finland
1026
-20
🇫🇮 Persians · Finland
877
-13
🇩🇪 Britons · Germany
807
-10
Lep4
4:06 Loom
8:14 Feudal Age
12:07 Castle Age
10:16 Double-Bit Axe
10:53 Horse Collar
12:37 Stone Mining
14:33 Loom
16:00 Bow Saw
21:30 Wheelbarrow
20:42 Town Watch
22:16 Gold Mining
26:13 Imperial Age
25:52 Hand Cart
27:04 Stone Shaft Mining
27:19 Conscription
29:38 Sanctity
32:12 Fletching
31:50 Pikeman
34:31 Halberdier
36:42 Chemistry
Maggilius
8:39 Feudal Age
15:06 Castle Age
15:28 Double-Bit Axe
16:51 Padded Archer Armor
19:06 Leather Archer Armor
20:23 Squires
22:01 Elite Skirmisher
23:11 Horse Collar
23:46 Gold Mining
25:03 Heavy Plow
28:29 Bow Saw
31:01 Imperial Age
29:53 Pikeman
31:53 Halberdier
Jarrymo
7:57 Feudal Age
11:41 Castle Age
10:28 Double-Bit Axe
11:26 Loom
12:30 Horse Collar
18:32 Bow Saw
18:59 Heavy Plow
19:19 Gold Mining
20:12 Loom
21:17 Wheelbarrow
23:32 Coinage
23:19 Town Watch
23:49 Hand Cart
27:20 Imperial Age
25:14 Scale Mail Armor
25:12 Stone Mining
25:39 Forging
25:46 Town Patrol
27:25 Gold Shaft Mining
27:09 Chain Mail Armor
28:19 Iron Casting
27:39 Man-at-Arms
28:19 Squires
27:40 Pikeman
27:44 Capped Ram
29:32 Chemistry
28:53 Ballistics
29:37 Chemistry
28:50 Masonry
28:34 Halberdier
29:14 Long Swordsman
30:33 Legionary
32:58 Blast Furnace
32:22 Conscription
32:49 Comitatenses
33:48 Padded Archer Armor
33:39 Fletching
Karppisokeri
6:06 Loom
8:56 Feudal Age
9:27 Double-Bit Axe
9:24 Horse Collar
9:40 Gold Mining
15:56 Castle Age
14:53 Stone Mining
17:50 Wheelbarrow
17:43 Heavy Plow
19:06 Scale Barding Armor
19:04 Husbandry
19:59 Bow Saw
21:36 Hand Cart
21:08 Town Watch
24:42 Chain Barding Armor
27:13 Gold Shaft Mining
27:18 Stone Shaft Mining
26:59 Town Patrol
32:09 Imperial Age
29:44 Murder Holes
32:32 Cavalier
33:46 Savar
35:25 Crop Rotation
35:57 Two-Man Saw
35:28 Ballistics
36:09 Chemistry
36:19 Conscription
36:39 Hoardings
Zelroth
7:51 Feudal Age
9:08 Double-Bit Axe
9:21 Horse Collar
14:48 Castle Age
13:28 Man-at-Arms
18:18 Long Swordsman
19:17 Gambesons
19:31 Loom
20:04 Scale Mail Armor
20:48 Pikeman
30:22 Chain Mail Armor
30:18 Forging
33:32 Imperial Age
31:44 Wheelbarrow
32:33 Arson
33:27 Iron Casting
34:49 Plate Mail Armor
35:19 Blast Furnace
36:03 Conscription
36:36 Two-Handed Swordsman
chris_sx
9:40 Feudal Age
10:29 Double-Bit Axe
13:41 Castle Age
11:53 Horse Collar
12:13 Loom
14:41 Bow Saw
17:03 Gold Mining
23:20 Wheelbarrow
23:11 Scale Barding Armor
23:17 Forging
24:42 Chain Barding Armor
25:00 Gold Shaft Mining
29:01 Imperial Age
27:10 Hand Cart
29:20 Iron Casting
30:21 Plate Barding Armor
29:09 Elite Iron Pagoda
30:10 Conscription
31:22 Blast Furnace
34:59 Two-Man Saw
34:02 Heavy Plow
36:29 Hoardings
boo
8:42 Feudal Age
12:33 Castle Age
11:13 Double-Bit Axe
11:11 Horse Collar
13:32 Bow Saw
21:09 Heavy Plow
21:49 Wheelbarrow
22:19 Gold Mining
22:35 Loom
26:08 Imperial Age
25:17 Marauders
26:16 Gold Shaft Mining
26:53 Husbandry
26:15 Elite Tarkan
27:17 Conscription
27:12 Bloodlines
27:19 Scale Barding Armor
27:15 Scale Mail Armor
27:26 Forging
27:52 Hand Cart
33:25 Chain Barding Armor
33:21 Chain Mail Armor
33:42 Iron Casting
Hurray
9:18 Feudal Age
8:06 Loom
14:14 Castle Age
13:12 Horse Collar
13:18 Double-Bit Axe
21:27 Fletching
22:44 Ballistics
23:04 Stone Mining
23:05 Gold Mining
24:35 Bodkin Arrow
24:41 Padded Archer Armor
26:37 Wheelbarrow
26:47 Treadmill Crane
27:04 Murder Holes
27:49 Leather Archer Armor
33:51 Imperial Age
33:26 Stone Shaft Mining
34:21 Bow Saw
37:27 Chemistry
35:49 Elite Rattan Archer
36:55 Paper Money
37:46 Bracer
38:17 Ring Archer Armor
38:07 Siege Engineers
Connection lost

Rejoining the realm…

Still unreachable

The connection could not be restored.

Session expired

The server has moved on; the page needs a fresh start.